 Dungeon Sprint DCSS version 0.20.1-1-g8b1a95d (webtiles) character file.

263 JustSomeDude the Destroyer (level 5, -3/29 HPs)
             Began as a Deep Elf Conjurer on Nov 14, 2017.
             Was an Initiate of Vehumet.
             Slain by a two-headed ogre
             ... wielding a cursed -2 giant spiked club
              (16 damage)
             ... in the Dungeon (Sprint IX: "|||||||||||||||||||||||||||||").
             The game lasted 00:04:06 (547 turns).

JustSomeDude the Destroyer (Deep Elf Conjurer)       Turns: 547, Time: 00:04:06

Health: -3/29      AC:  4    Str:  5    XL:     5   Next: 97%
Magic:  8/16       EV: 17    Int: 24    God:    Vehumet [......]
Gold:   0          SH:  0    Dex: 15    Spells: 15/18 levels left

rFire    . . .     SeeInvis .   s - staff of energy
rCold    . . .     Gourm    .   (no shield)
rNeg     . . .     Faith    .   a - +0 robe
rPois    .         Spirit   .   (no helmet)
rElec    .         Reflect  .   (no cloak)
rCorr    .         Harm     .   q - +0 pair of gloves
MR       .....     NoTele   +   r - +0 pair of boots
Stlth    +++.......             (no amulet)
Regen    0.1/turn               n - +3 ring of intelligence
MPRegen  0.2/turn               o - +2 ring of evasion

@: no status effects
A: no striking features
a: Renounce Religion


You were in the Dungeon.
You worshipped Vehumet.
Vehumet was noncommittal.
You were not hungry.

You visited 1 branch

Inventory:

Armour
 a - a +0 robe (worn)
 p - a +1 scale mail
 q - a +0 pair of gloves (worn)
 r - a +0 pair of boots (worn)
Magical Staves
 s - an uncursed staff of energy (weapon)
Jewellery
 n - a +3 ring of intelligence (left hand)
 o - a +2 ring of evasion (right hand)
Wands
 m - a wand of lightning (7/15)
Scrolls
 j - 3 scrolls of remove curse
 k - 2 scrolls of amnesia
 l - a scroll of blinking
Potions
 d - a potion of magic
 e - a potion of invisibility
 f - a potion of haste
 g - a potion of heal wounds
 h - a potion of berserk rage
 i - 4 potions of curing
Books
 b - a book of Conjurations

   Spells                             Type                      Level
   a - Magic Dart                     Conjuration                  1
   b - Searing Ray                    Conjuration                  2
   c - Dazzling Spray                 Conjuration/Hexes            3
   d - Fulminant Prism                Conjuration/Hexes            4
   e - Force Lance                    Conjuration/Translocation    4
   f - Iskenderun's Mystic Blast      Conjuration                  4
Comestibles
 c - a bread ration


   Skills:
 + Level 1.6 Fighting
 + Level 5.1 Dodging
 + Level 4.4 Stealth
 + Level 1.0 Unarmed Combat
 + Level 7.4 Spellcasting
 + Level 11.3 Conjurations


You had 15 spell levels left.
You knew the following spells:

 Your Spells              Type           Power        Failure   Level  Hunger
a - Magic Dart            Conj           ####         1%          1    None
b - Searing Ray           Conj           ######       1%          2    None


Dungeon Overview and Level Annotations

Branches:
Dungeon (1/1)

Altars:
Cheibriados
Dithmenos
Elyvilon
Fedhas
Gozag
Hepliaklqana
Kikubaaqudgha
Makhleb
Nemelex Xobeh
Okawaru
Qazlal
Ru
Sif Muna
Trog
Uskayaw
Vehumet
Xom
Yredelemnul
Zin
The Shining One
Beogh
Jiyva
Lugonu


Message History

The wyvern bites you!
The searing ray hits the wyvern.
You kill the wyvern!
Vehumet accepts your kill.
Your Dodging skill gained 2 levels and is now at level 5!
Your Stealth skill increases to level 4!
Your Unarmed Combat skill increases to level 1!
Your Spellcasting skill gained 2 levels and is now at level 7!
Your Conjurations skill gained 2 levels and is now at level 11!
You have reached level 5!
Unknown command.
The searing ray hits the two-headed ogre.
The two-headed ogre is moderately wounded.
The searing ray hits the ogre.
The ogre is almost dead.
You finish channeling your searing ray.
The two-headed ogre hits you with a giant spiked club!
The two-headed ogre hits you with a giant club!
Ouch! That really hurt!
You die...

▓.▓
▓.▓
▓.▓
▓S▓
▓.▓
▓O▓
▓O▓
▓@▓
▓.▓
▓.▓
▓W▓
▓.▓
▓)▓
▓.▓
▓.▓
▓.▓


You could see a two-headed ogre, a phantom, an ogre and an adder.

Vanquished Creatures
  A wyvern (D)
  A bullfrog (D)
  A crimson imp (D)
  An adder (D)
  A leopard gecko (D)
  A goblin (D)
  A quokka (D)
  A ball python (D)
  A bat (D)
  A frilled lizard (D)
  A jackal skeleton (D)
  A kobold (D)
12 creatures vanquished.

Notes
Turn   | Place    | Note
-------+----------+-------------------------------------------
     0 | D        | JustSomeDude the Deep Elf Conjurer began the quest for the Orb.
     0 | D        | Reached XP level 1. HP: 10/10 MP: 6/6
     7 | D        | Reached skill level 5 in Conjurations
   139 | D        | Noticed a crimson imp
   145 | D        | Killed a crimson imp
   145 | D        | Reached skill level 7 in Conjurations
   145 | D        | Reached XP level 2. HP: 15/15 MP: 0/9
   145 | D        | Reached XP level 3. HP: 19/19 MP: 0/11
   197 | D        | Found a roughly hewn altar of Beogh.
   197 | D        | Found a snail-covered altar of Cheibriados.
   197 | D        | Found a shadowy altar of Dithmenos.
   197 | D        | Found a white marble altar of Elyvilon.
   197 | D        | Found a blossoming altar of Fedhas.
   197 | D        | Found an opulent altar of Gozag.
   198 | D        | Found a hazy altar of Hepliaklqana.
   199 | D        | Found a viscous altar of Jiyva.
   200 | D        | Found an ancient bone altar of Kikubaaqudgha.
   201 | D        | Found a corrupted altar of Lugonu.
   202 | D        | Found a burning altar of Makhleb.
   203 | D        | Found a sparkling altar of Nemelex Xobeh.
   204 | D        | Found an iron altar of Okawaru.
   205 | D        | Found a stormy altar of Qazlal.
   206 | D        | Found a sacrificial altar of Ru.
   207 | D        | Found a deep blue altar of Sif Muna.
   208 | D        | Found a bloodstained altar of Trog.
   209 | D        | Found a hide-covered altar of Uskayaw.
   210 | D        | Found a radiant altar of Vehumet.
   212 | D        | Found a shimmering altar of Xom.
   213 | D        | Found a basalt altar of Yredelemnul.
   214 | D        | Found a glowing silver altar of Zin.
   215 | D        | Found a glowing golden altar of the Shining One.
   218 | D        | Became a worshipper of Vehumet
   501 | D        | Learned a level 2 spell: Searing Ray
   532 | D        | Noticed a two-headed ogre
   532 | D        | Noticed an ogre
   532 | D        | Noticed a wyvern
   532 | D        | Noticed a phantom
   532 | D        | Noticed a bullfrog
   537 | D        | Killed a bullfrog
   537 | D        | Reached skill level 1 in Fighting
   537 | D        | Reached skill level 5 in Spellcasting
   537 | D        | Reached skill level 9 in Conjurations
   537 | D        | Reached XP level 4. HP: 17/25 MP: 7/13
   546 | D        | Killed a wyvern
   546 | D        | Reached skill level 5 in Dodging
   546 | D        | Reached skill level 1 in Unarmed Combat
   546 | D        | Reached skill level 11 in Conjurations
   546 | D        | Reached XP level 5. HP: 21/29 MP: 10/16
   547 | D        | Slain by a two-headed ogre

Skill      XL: |  1  2  3  4 |
---------------+-------------+-----
Conjurations   | 7 9 11 | 11.3
Dodging        | 3 5 |  5.1
Spellcasting   | 4 5 7 |  7.4
Fighting       | 1 |  1.6
Stealth        | 3 4 |  4.4
Unarmed Combat | 1 |  1.0

Action                   |  1- 3 |  4- 6 || total
-------------------------+-------+-------++-------
Melee: Unarmed           |    15 |       ||    15
       Staff             |     1 |       ||     1
 Cast: Magic Dart        |    22 |       ||    22
       Searing Ray       |     1 |     2 ||     3
  Use: Potion            |     4 |     2 ||     6
       Scroll            |     1 |       ||     1
Armor: Robe              |     3 |       ||     3
Dodge: Dodged            |    17 |     7 ||    24
